SA
MANCELONA TORCH @ LAREDO HAWKS
07/14/2042
 
TOP OF THE 1ST
Mancelona Torch batting - Pitching for Laredo Hawks : LHP Jorge González
Pitching: LHP Jorge González
Batting: RHB Glen Stockhill 0-0: Ball
1-0: Called Strike
1-1: SINGLE (Groundball, 4MD, EV 95.6 MPH)
Batting: RHB Carlos Vélez 0-0: Swinging Strike
0-1: Foul Ball, location: 2F
0-2: Foul Ball, location: 2F
0-2: Ball
1-2: Strikes out swinging
Batting: RHB Rubén Jusino 0-0: Ball
1-0: Fly out, F9 (Flyball, 89M, EV 88.8 MPH)
Batting: RHB Paul Sykes 0-0: Ball
1-0: Ball
2-0: Swinging Strike
2-1: Fly out, F8 (Flyball, 78S, EV 86.9 MPH)
Top of the 1st over - 0 runs, 1 hit, 0 errors, 1 left on base; Mancelona 0 - Laredo 0
BOTTOM OF THE 1ST
Laredo Hawks batting - Pitching for Mancelona Torch : RHP Adam Wright
Pitching: RHP Adam Wright
Batting: RHB Victor Jensen 0-0: Ball
1-0: Ball
2-0: Ball
3-0: Called Strike
3-1: Base on Balls
Batting: RHB Elwiin de Meij 0-0: Ball
1-0: Swinging Strike
1-1: Called Strike
1-2: Fielders Choice at 2nd, 3-6 (Groundball, 3, EV 108.1 MPH)
Batting: RHB Woody Maxwell 0-0: Called Strike
0-1: Foul Ball, location: 2F
0-2: Ball
1-2: Strikes out swinging
Batting: RHB Neung-uk Yi 0-0: Ball
1-0: Ball
2-0: Ball
3-0: Base on Balls
Elwiin de Meij to second
Batting: LHB Scott Beavis 0-0: Called Strike
0-1: Fly out, F5 (Popup, 56, EV 75.0 MPH)
Bottom of the 1st over - 0 runs, 0 hits, 0 errors, 2 left on base; Mancelona 0 - Laredo 0
TOP OF THE 2ND
Mancelona Torch batting - Pitching for Laredo Hawks : LHP Jorge González
Batting: RHB Joel Fagliano 0-0: Called Strike
0-1: Ball
1-1: Foul Ball, location: 2F
1-2: SINGLE (Line Drive, 9S, EV 90.6 MPH)
Batting: RHB Kuan Ru 0-0: Called Strike
0-1: Called Strike
0-2: Strikes out swinging
Batting: RHB Juan Esteban Santángel 0-0: Ball
1-0: Called Strike
1-1: Grounds into double play, 5-4-3 (Groundball, 5S, EV 88.1 MPH)
Top of the 2nd over - 0 runs, 1 hit, 0 errors, 0 left on base; Mancelona 0 - Laredo 0
BOTTOM OF THE 2ND
Laredo Hawks batting - Pitching for Mancelona Torch : RHP Adam Wright
Batting: RHB Steve Turner 0-0: Called Strike
0-1: Ball
1-1: Ball
2-1: Foul Ball, location: 2F
2-2: Strikes out swinging
Batting: LHB George McLean 0-0: Ball
1-0: Called Strike
1-1: Foul Ball, location: 2F
1-2: DOUBLE (Line Drive, 89D, EV 105.0 MPH)
Batting: RHB Lynn Medlen 0-0: Foul Ball, location: 2F
0-1: Called Strike
0-2: SINGLE (Groundball, 34D, EV 102.5 MPH)
George McLean to third
Batting: RHB Ángel Sánchez 0-0: Ball
Lynn Medlen steals 2nd base
1-0: SINGLE (Groundball, 34D, EV 98.8 MPH)
George McLean scores
Lynn Medlen to third
Batting: RHB Victor Jensen 0-0: Swinging Strike
0-1: Foul Ball, location: 2F
0-2: Ball
1-2: Foul Ball, location: 2F
1-2: Foul Ball, location: 2F
1-2: Foul Ball, location: 2F
1-2: Ball
2-2: Foul Ball, location: 2F
2-2: Fly out, F9 (Flyball, 9, EV 97.5 MPH)
Runner from 3rd tags up, SCORES, no throw by RF
Batting: RHB Elwiin de Meij 0-0: Hit by Pitch
Ángel Sánchez to second
Batting: RHB Woody Maxwell 0-0: Ball
1-0: Foul Ball, location: 2F
1-1: Ball
2-1: Ball
3-1: SINGLE (Groundball, 56D, EV 94.4 MPH)
Ángel Sánchez to third
Elwiin de Meij to second
Runner from 3rd tries for Home, SAFE, throw by LF to home
Batting: RHB Neung-uk Yi 0-0: Fly out, F8 (Flyball, 8LM, EV 83.1 MPH)
Bottom of the 2nd over - 3 runs, 4 hits, 0 errors, 2 left on base; Mancelona 0 - Laredo 3
TOP OF THE 3RD
Mancelona Torch batting - Pitching for Laredo Hawks : LHP Jorge González
Batting: RHB Francisco Rocha 0-0: Called Strike
0-1: Swinging Strike
0-2: Ball
1-2: Ball
2-2: Foul Ball, location: 2F
2-2: Ball
3-2: Base on Balls
Batting: RHB Marc Chagall 0-0: Ball
1-0: Foul Ball, location: 2F
1-1: Ball
2-1: Foul Ball, location: 2F
2-2: Strikes out swinging
Batting: RHB Glen Stockhill 0-0: Ball
1-0: Ball
2-0: Called Strike
2-1: Ball
3-1: Base on Balls
Francisco Rocha to second
Batting: RHB Carlos Vélez 0-0: Called Strike
0-1: Ball
1-1: Foul Ball, location: 2F
1-2: Ball
2-2: Foul Ball, location: 2F
2-2: Strikes out swinging
Batting: RHB Rubén Jusino 0-0: SINGLE (Line Drive, 34D, EV 96.2 MPH)
Francisco Rocha to third
Glen Stockhill to second
Runner from 3rd tries for Home, SAFE, no throw by RF
Batting: RHB Paul Sykes 0-0: Foul Ball, location: 2F
0-1: SINGLE (Groundball, 6, EV 100.0 MPH) (infield hit)
Glen Stockhill to third
Rubén Jusino to second
Batting: RHB Joel Fagliano 0-0: Swinging Strike
0-1: DOUBLE (Flyball, 78D, EV 96.9 MPH)
Glen Stockhill scores
Rubén Jusino scores
Paul Sykes to third
Runner from 3rd tries for Home, SAFE, throw by CF to home
Batting: RHB Kuan Ru 0-0: Called Strike
0-1: Ground out 5-3 (Groundball, 56, EV 93.1 MPH)
Top of the 3rd over - 4 runs, 3 hits, 0 errors, 1 left on base; Mancelona 4 - Laredo 3
BOTTOM OF THE 3RD
Laredo Hawks batting - Pitching for Mancelona Torch : RHP Adam Wright
Batting: LHB Scott Beavis 0-0: Ball
1-0: Fly out, F6 (Popup, 6S, EV 73.1 MPH)
Batting: RHB Steve Turner 0-0: Reached on error, E6 (Groundball, 6, EV 107.5 MPH)
Batting: LHB George McLean 0-0: Called Strike
0-1: Ball
1-1: Fly out, F9 (Flyball, 9D, EV 96.9 MPH)
Runner from 2nd tags up, SAFE at 3rd, no throw by RF
Batting: RHB Lynn Medlen 0-0: Called Strike
0-1: Ground out 1-3 (Groundball, 15, EV 88.8 MPH)
Bottom of the 3rd over - 0 runs, 0 hits, 1 error, 1 left on base; Mancelona 4 - Laredo 3
TOP OF THE 4TH
Mancelona Torch batting - Pitching for Laredo Hawks : LHP Jorge González
Batting: RHB Juan Esteban Santángel 0-0: Ball
1-0: Ball
2-0: Called Strike
2-1: Swinging Strike
2-2: Fly out, F4 (Flyball, 4MD, EV 78.8 MPH)
Batting: RHB Francisco Rocha 0-0: Swinging Strike
0-1: Foul Ball, location: 2F
0-2: Foul Ball, location: 2F
0-2: Foul Ball, location: 2F
0-2: Ball
1-2: Ball
2-2: Ball
3-2: Strikes out swinging
Batting: RHB Marc Chagall 0-0: Ground out 1-3 (Groundball, 15S, EV 65.0 MPH)
Top of the 4th over - 0 runs, 0 hits, 0 errors, 0 left on base; Mancelona 4 - Laredo 3
BOTTOM OF THE 4TH
Laredo Hawks batting - Pitching for Mancelona Torch : RHP Adam Wright
Batting: RHB Ángel Sánchez 0-0: Ball
1-0: Foul Ball, location: 2F
1-1: Ball
2-1: Foul Ball, location: 2F
2-2: Ground out 6-3 (Groundball, 6, EV 98.8 MPH)
Batting: RHB Victor Jensen 0-0: Ball
1-0: Ball
2-0: SINGLE (Groundball, 4, EV 106.9 MPH) (infield hit)
Batting: RHB Elwiin de Meij 0-0: Ball
1-0: Ball
2-0: 2-RUN HOME RUN (Flyball, 78XD, EV 95.0 MPH), Distance : 409 ft
Batting: RHB Woody Maxwell 0-0: Ball
1-0: Ball
2-0: Called Strike
2-1: Foul Ball, location: 2F
2-2: Ball
3-2: Strikes out swinging
Batting: RHB Neung-uk Yi 0-0: Ball
1-0: Ball
2-0: Ball
3-0: Base on Balls
Pitching: RHP Mun-wah Rao
Batting: LHB Scott Beavis 0-0: 2-RUN HOME RUN (Flyball, 89XD, EV 99.4 MPH), Distance : 436 ft
Batting: RHB Steve Turner 0-0: Foul Ball, location: 2F
0-1: Ball
1-1: Ball
2-1: Foul Ball, location: 2F
2-2: Ball
3-2: Foul Ball, location: 2F
3-2: Base on Balls
Batting: LHB George McLean 0-0: Ball
1-0: Foul Ball, location: 2F
1-1: Foul Ball, location: 2F
1-2: Ball
2-2: Ball
3-2: Foul Ball, location: 2F
3-2: SINGLE (Line Drive, 7S, EV 91.2 MPH)
Steve Turner to second
Steve Turner to third
Batting: RHB Lynn Medlen 0-0: Ball
1-0: Ball
2-0: Fly out, F9 (Flyball, 9LM, EV 79.4 MPH)
Bottom of the 4th over - 4 runs, 4 hits, 0 errors, 2 left on base; Mancelona 4 - Laredo 7
TOP OF THE 5TH
Mancelona Torch batting - Pitching for Laredo Hawks : LHP Jorge González
Batting: RHB Glen Stockhill 0-0: Ball
1-0: Foul Ball, location: 2F
1-1: Ball
2-1: Swinging Strike
2-2: Foul Ball, location: 2F
2-2: DOUBLE (Line Drive, 89D, EV 111.2 MPH)
Batting: RHB Carlos Vélez 0-0: Called Strike
0-1: Reached on error, E4 (Popup, 4M, EV 55.6 MPH)
Glen Stockhill to third
Batting: RHB Rubén Jusino 0-0: Fly out, F5 (Popup, 56, EV 67.5 MPH)
Batting: RHB Paul Sykes 0-0: Ball
1-0: Foul Ball, location: 2F
1-1: Swinging Strike
1-2: Fielders Choice at 2nd, 5-4 (Groundball, 56, EV 88.1 MPH)
Glen Stockhill scores
Batting: RHB Joel Fagliano 0-0: DOUBLE (Line Drive, 5D, EV 106.2 MPH)
Paul Sykes to third
Batting: RHB Kuan Ru 0-0: Called Strike
0-1: Foul Ball, location: 2F
0-2: Ground out 5-3 (Groundball, 56S, EV 62.5 MPH)
Top of the 5th over - 1 run, 2 hits, 1 error, 2 left on base; Mancelona 5 - Laredo 7
BOTTOM OF THE 5TH
Laredo Hawks batting - Pitching for Mancelona Torch : RHP Mun-wah Rao
Batting: RHB Ángel Sánchez 0-0: Called Strike
0-1: Ball
1-1: Foul Ball, location: 2F
1-2: Ball
2-2: Ball
3-2: Strikes out swinging
Batting: RHB Victor Jensen 0-0: Called Strike
0-1: Foul Ball, location: 2F
0-2: Ball
1-2: Strikes out swinging
Batting: RHB Elwiin de Meij 0-0: Called Strike
0-1: Ball
1-1: Foul Ball, location: 2F
1-2: Ground out 1-3 (Groundball, 13, EV 65.6 MPH)
Bottom of the 5th over - 0 runs, 0 hits, 0 errors, 0 left on base; Mancelona 5 - Laredo 7
TOP OF THE 6TH
Mancelona Torch batting - Pitching for Laredo Hawks : LHP Jorge González
Pitching: RHP Bill Gould
Batting: RHB Juan Esteban Santángel 0-0: Ground out 6-3 (Groundball, 6, EV 89.4 MPH)
Batting: RHB Francisco Rocha 0-0: Fly out, F7 (Flyball, 7S, EV 83.8 MPH)
Batting: RHB Marc Chagall 0-0: Called Strike
0-1: Ball
1-1: Foul Ball, location: 2F
1-2: Strikes out swinging
Top of the 6th over - 0 runs, 0 hits, 0 errors, 0 left on base; Mancelona 5 - Laredo 7
BOTTOM OF THE 6TH
Laredo Hawks batting - Pitching for Mancelona Torch : RHP Mun-wah Rao
Batting: RHB Woody Maxwell 0-0: DOUBLE (Line Drive, 9D, EV 108.1 MPH)
Pitching: RHP Will Smiley
Batting: RHB Neung-uk Yi 0-0: Called Strike
0-1: Fly out, F7 (Line Drive, 7, EV 92.5 MPH)
Batting: LHB Scott Beavis 0-0: Intentional Walk
Batting: RHB Steve Turner 0-0: Foul Ball, location: 2F
0-1: Fly out, F7 (Flyball, 7LS, EV 86.9 MPH)
Batting: LHB George McLean 0-0: Foul Ball, location: 2F
0-1: Ground out 4-3 (Groundball, 4, EV 83.1 MPH)
Bottom of the 6th over - 0 runs, 1 hit, 0 errors, 2 left on base; Mancelona 5 - Laredo 7
TOP OF THE 7TH
Mancelona Torch batting - Pitching for Laredo Hawks : RHP Bill Gould
Batting: RHB Glen Stockhill 0-0: Ground out 6-3 (Groundball, 6, EV 95.0 MPH)
Batting: RHB Carlos Vélez 0-0: Ball
1-0: Foul Ball, location: 2F
1-1: Swinging Strike
1-2: Strikes out looking
Batting: RHB Rubén Jusino 0-0: Fly out, F8 (Line Drive, 8RD, EV 102.5 MPH)
Top of the 7th over - 0 runs, 0 hits, 0 errors, 0 left on base; Mancelona 5 - Laredo 7
BOTTOM OF THE 7TH
Laredo Hawks batting - Pitching for Mancelona Torch : RHP Will Smiley
Batting: RHB Lynn Medlen 0-0: Ground out 5-3 (Groundball, 56S, EV 65.0 MPH)
Batting: RHB Ángel Sánchez 0-0: Ground out 6-3 (Groundball, 56, EV 90.0 MPH)
Batting: RHB Victor Jensen 0-0: Called Strike
0-1: Fly out, F7 (Line Drive, 7, EV 93.1 MPH)
Bottom of the 7th over - 0 runs, 0 hits, 0 errors, 0 left on base; Mancelona 5 - Laredo 7
TOP OF THE 8TH
Mancelona Torch batting - Pitching for Laredo Hawks : RHP Bill Gould
Batting: RHB Paul Sykes 0-0: Ball
1-0: Called Strike
1-1: Swinging Strike
1-2: Foul Ball, location: 2F
1-2: Strikes out swinging
Batting: RHB Joel Fagliano 0-0: SINGLE (Flyball, 7S, EV 91.2 MPH)
Batting: RHB Kuan Ru 0-0: Foul Ball, location: 2F
0-1: Ball
1-1: Fly out, F4 (Popup, 34D, EV 58.8 MPH)
Batting: RHB Juan Esteban Santángel 0-0: Ball
1-0: Ball
2-0: Foul Ball, location: 2F
2-1: Swinging Strike
2-2: Ball
3-2: Strikes out swinging
Top of the 8th over - 0 runs, 1 hit, 0 errors, 1 left on base; Mancelona 5 - Laredo 7
BOTTOM OF THE 8TH
Laredo Hawks batting - Pitching for Mancelona Torch : RHP Will Smiley
Batting: RHB Elwiin de Meij 0-0: Ball
1-0: SINGLE (Groundball, 4D, EV 103.1 MPH)
Batting: RHB Woody Maxwell 0-0: SINGLE (Flyball, 4D, EV 90.0 MPH)
Elwiin de Meij to second
Batting: RHB Neung-uk Yi 0-0: Ball
1-0: Foul Ball, location: 2F
1-1: Ball
2-1: Fly out, F6 (Popup, 6D, EV 45.6 MPH)
Batting: LHB Scott Beavis 0-0: Fly out, F8 (Flyball, 8RD, EV 105.6 MPH)
Runner from 2nd tags up, OUT at 3rd! 8-5
Bottom of the 8th over - 0 runs, 2 hits, 0 errors, 1 left on base; Mancelona 5 - Laredo 7
TOP OF THE 9TH
Mancelona Torch batting - Pitching for Laredo Hawks : RHP Bill Gould
Pitching: RHP André Noël
Batting: RHB Francisco Rocha 0-0: Called Strike
0-1: Ball
1-1: Foul Ball, location: 2F
1-2: Ball
2-2: Fly out, F8 (Flyball, 8RM, EV 93.8 MPH)
Batting: RHB Marc Chagall 0-0: Ball
1-0: Ball
2-0: Ball
3-0: Base on Balls
Batting: RHB Glen Stockhill 0-0: Swinging Strike
0-1: Ball
1-1: Called Strike
1-2: Strikes out swinging
Batting: RHB Carlos Vélez 0-0: Ball
1-0: Foul Ball, location: 2F
1-1: Fly out, F2 (Popup, 2RF, EV 88.1 MPH)
Top of the 9th over - 0 runs, 0 hits, 0 errors, 1 left on base; Mancelona 5 - Laredo 7
Friday, March 26th, 2021 - OOTP Baseball 20.8 Build 74